 Dungeon Crawl Stone Soup version 0.31-a0-175-g9f7f995f2b (webtiles) character file.

Game seed: 4785927637564524397

12214 drugrobin the Spear-Bearer (level 11, -8/94 HPs)
             Began as a Demigod Delver on June 18, 2023.
             Mangled by a freezing wraith (13 damage)
             ... in an ice cave.
             The game lasted 00:47:40 (12447 turns).

drugrobin the Spear-Bearer (Demigod Delver)        Turns: 12447, Time: 00:47:40

Health: -8/94      AC: 16    Str: 30    XL:     11   Next: 34%
Magic:  17/17      EV: 11    Int: 16    God:
Gold:   371        SH:  4    Dex: 21    Spells: 4/14 levels left

rFire   . . .        a - +9 spear of Inedylesay {holy, rPois Str+3}
rCold   . . .        z - +0 buckler
rNeg    . . .        E - +8 ring mail "Wiupin" {Harm Will- Dex+2}
rPois   +            (helmet restricted)
rElec   .            c - +1 cloak
rCorr   .            o - +0 pair of gloves
SInv    .            (no boots)
Will    .....        (no amulet)
Stlth   ++           H - +6 ring of strength
HPRegen 0.35/turn    S - +6 ring of intelligence
MPRegen 0.15/turn

%: harm (+30% outgoing, +20% incoming)
@: hasted and slowed
A: high MP 1, forlorn, divine attributes, horns 1, dopey 1
a: no special abilities


You were in an ice cave.
You visited 2 branches of the dungeon, and saw 12 of its levels.
You also visited: Sewer and Ice Cave.

You collected 491 gold pieces.
You spent 120 gold pieces at shops.

Inventory:

Hand Weapons
 a - the +9 spear of Inedylesay (weapon) {holy, rPois Str+3}
   (You found it on level 4 of the Dungeon)

   Str:       It affects your strength (+3).
   rPois:     It protects you from poison.
 b - a +0 sling
 A - the +6 hand axe "Taust" {flame, rN+ Str+3}
   (You found it on level 3 of the Dungeon)

   Str:       It affects your strength (+3).
   rN:        It protects you from negative energy.
 B - the +5 woodcutter's axe
   (You found it on level 3 of the Dungeon)
 D - a +0 dagger of venom
 F - a +0 hand axe of venom
Missiles
 y - 12 poisoned darts
 J - a curare-tipped dart
 O - a boomerang (quivered)
Armour
 c - a +1 cloak (worn)
 o - a +0 pair of gloves (worn)
 q - +0 swamp dragon scales
 z - a +0 buckler (worn)
 E - the +8 ring mail "Wiupin" (worn) {Harm Will- Dex+2}
   (You found it on level 6 of the Dungeon)

   Dex:       It affects your dexterity (+2).
   Harm:      It increases damage dealt and taken.
   Will:      It decreases your willpower.
 P - a +2 leather armour of fire resistance
Jewellery
 H - a +6 ring of strength (left hand)
 S - a +6 ring of intelligence (right hand)
Wands
 f - a wand of paralysis (2)
 g - a wand of digging (3)
 v - a wand of iceblast (11)
 I - a wand of polymorph (1)
 K - a wand of flame (5)
Scrolls
 j - a scroll of brand weapon
 k - 3 scrolls of enchant weapon
 r - a scroll of poison {unknown}
 t - 3 scrolls of teleportation
 u - 4 scrolls of immolation
 x - 2 scrolls of vulnerability
 L - 2 scrolls of blinking {unknown}
 N - a scroll of enchant armour {unknown}
 R - a scroll of amnesia
Potions
 d - 4 potions of brilliance
 e - 2 potions of enlightenment
 h - 2 potions of might
 i - a potion of cancellation
 l - 6 potions of mutation
 n - a potion of ambrosia {unknown}
 w - 2 potions of curing
 C - 2 potions of magic
 G - a potion of lignification
 M - a potion of heal wounds {unknown}


   Skills:
 + Level 8.2 Fighting
 - Level 12.0 Polearms
 - Level 1.7 Dodging
 - Level 4.5 Stealth
 - Level 2.0 Spellcasting
 + Level 7.9 Translocations
 - Level 5.0 Evocations


You had 4 spell levels left.
You knew the following spells:

 Your Spells              Type           Power      Damage    Failure   Level
a - Frozen Ramparts       Ice            2%         1d1       71%         3
b - Vhi's Electric Charg  Tloc/Air       28%        N/A       22%         3
c - Iskenderun's Mystic   Conj/Tloc      14%        2d5       56%         4

Your spell library contained the following spells:

 Spells                   Type           Power      Damage    Failure   Level
 Shock                    Conj/Air       4%         1d3       34%         1
 Cigotuvi's Dreadful Rot  Necr/Pois/Air  2%         N/A       47%         2
 Swiftness                Air            1%         N/A       71%         3
 Airstrike                Air            0%         2d(1-17)  98%         4
 Dispel Undead            Necr           1%         3d6       98%         4
 Ice Form                 Ice/Tmut       1%         N/A       98%         4
 Summon Ice Beast         Ice/Summ       1%         N/A       98%         4
 Summon Forest            Summ/Tloc      7%         N/A       89%         5
 Alistair's Intoxication  Tmut/Pois      0%         N/A       100%        5
 Borgnjor's Vile Clutch   Necr/Erth      0%         N/A       100%        5
 Death Channel            Necr           0%         N/A       100%        6
 Eringya's Noxious Bog    Tmut/Pois      0%         N/A       100%        6
 Disjunction              Tloc           13%        N/A       100%        8


Dungeon Overview and Level Annotations

Branches:
Dungeon (11/15)            Temple (0/1) D:7            Lair (1/5) D:8
  Sewer (visited)           IceCv (1/1)
    Orc: D:9-12

Shops:
D:4 **

Annotations:
D:7 Menkaure
D:9 exclusion: acid dragon
D:11 1 exclusion


Innate Abilities, Weirdness & Mutations

You have an increased reservoir of magic. (+10% MP)
You shall have no god before yourself.
Your divine heritage dramatically boosts your attributes as you level up.
You have a pair of small horns on your head.
You are dopey. (Int -2)


Message History

The freezing wraith hits you. The freezing wraith drains your vigour!
You feel yourself slow down.
Unknown command.
Unknown command.
Unknown command.
Unknown command.
You hit the freezing wraith.
The freezing wraith convulses.
The freezing wraith is lightly damaged.
Unknown command.
Unknown command.
You hit the freezing wraith but do no damage.
Your headbutt misses the freezing wraith.
The freezing wraith is lightly damaged.
The freezing wraith hits you! The freezing wraith freezes you!!
The freezing wraith hits you but does no damage.
Unknown command.
Unknown command.
You puncture the freezing wraith!
The freezing wraith convulses.
You headbutt the freezing wraith, but do no damage.
The freezing wraith is moderately damaged.
The white imp disappears for a moment.
The freezing wraith hits you but does no damage. x2
Unknown command.
Unknown command.
You hit the freezing wraith but do no damage.
The freezing wraith is moderately damaged.
The freezing wraith hits you!
* * * LOW HITPOINT WARNING * * *
The freezing wraith freezes you!
* * * LOW HITPOINT WARNING * * *
The freezing wraith hits you but does no damage.
Unknown command.
Okay, then.
You feel yourself speed up.
The freezing wraith hits you but does no damage.
The freezing wraith closely misses you.
Unknown command.
The freezing wraith attacks as you move away!
The freezing wraith hits you!
You die...

##....## #..##
##### #....##
#...### ###...####
#..###
##....###........##
#...##
##...............#
##...###
####.............
###...###
##............
###...###
##..........#
##....###
##.#....#.##
###..@.##
####..#### ###.W.##
##..# ###..# ##..##
#.5## #..## ...##
#...## .....
##...## .W.....
##...# .......
##...# ......#
#...##


You could see a freezing wraith and a white imp.

Vanquished Creatures
  Fannar (Lair:1)
  Urug (D:11)
  A deep elf zephyrmancer (D:9)
  A cyclops (D:11)
  A komodo dragon (Lair:1)
  An unseen horror (D:11)
  2 freezing wraiths (IceCv)
  An ice devil (IceCv)
  A hornet (D:10)
  Sigmund (D:6)
  A shadow (D:9)
  A wraith (D:9)
  4 yaks (D:9)
  A ynoxinul (D:10)
  A dire elephant simulacrum (IceCv)
  2 wyverns
  A fire bat (Lair:1)
  4 vampire mosquitoes (D:7)
  A chaos spawn (D:10)
  2 steam dragons (D:8)
  5 death yak simulacra (IceCv)
  A harpy simulacrum (IceCv)
  3 wargs (D:8)
  4 water moccasins
  A hydra simulacrum (IceCv)
  4 orc warriors
  A swamp drake (D:7)
  A sky beast (D:6)
  2 ice beasts (D:7)
  An ogre (D:5)
  A centaur (D:8)
  3 kobold brigands
  4 gnoll sergeants
  8 bullfrogs
  6 scorpions
  A two-headed ogre simulacrum (IceCv)
  A cane toad simulacrum (IceCv)
  2 elephant simulacra (IceCv)
  3 killer bees (D:8)
  4 electric eels (D:7)
  9 howler monkeys
  6 orc priests
  7 hounds
  4 jellies
  2 quasits (D:10)
  An iguana (D:6)
  12 orc wizards
  2 spriggan simulacra (IceCv)
  A polar bear simulacrum (IceCv)
  17 gnolls
  14 adders
  5 river rats (Sewer)
  2 shadow imps
  14 white imps
  2 worms (D:4)
  A dart slug (D:4)
  42 orcs
  15 ball pythons
  5 endoplasms
  8 goblins
  8 hobgoblins
  6 jackals (D:2)
  15 kobolds
  3 quokkas
  4 bats
  2 frilled lizards
  34 rats
326 creatures vanquished.

Notes
Turn   | Place    | Note
-------+----------+-------------------------------------------
     0 | D:5      | drugrobin the Demigod Delver began the quest for the Orb.
     0 | D:5      | Reached XP level 1. HP: 18/18 MP: 3/3
    27 | D:5      | Noticed an ogre
   181 | D:4      | Reached skill level 2 in Polearms
   291 | D:4      | Found Ycaafresh's General Store.
   292 | D:4      | Found Rin Vemp's Specific Store.
   425 | D:4      | Noticed a hound
   468 | D:2      | Reached XP level 2. HP: 8/25 MP: 4/4
   588 | D:4      | Reached skill level 3 in Polearms
   588 | D:4      | Reached XP level 3. HP: 28/30 MP: 5/5
   599 | D:4      | Found a glowing drain.
   608 | Sewer    | Entered a sewer
   879 | Sewer    | Reached skill level 4 in Polearms
   888 | Sewer    | Reached XP level 4. HP: 12/37 MP: 6/6
  1355 | Sewer    | Learned a level 3 spell: Frozen Ramparts
  1658 | Sewer    | Reached skill level 5 in Polearms
  1747 | Sewer    | Reached XP level 5. HP: 40/42 MP: 7/7
  1845 | Sewer    | Gained mutation: You are dopey. (Int -2) [potion of
                  | mutation]
  1845 | Sewer    | Gained mutation: You have a pair of small horns on your
                  | head. [potion of mutation]
  1994 | Sewer    | Reached skill level 6 in Polearms
  2024 | Sewer    | Reached XP level 6. HP: 50/50 MP: 8/8
  2103 | D:4      | Identified the +9 spear of Inedylesay {holy, rPois Str+3}
  2220 | D:2      | Got Sif Muna's Tome of Topology
  3530 | D:3      | Found the +5 woodcutter's axe
  3721 | D:3      | Identified the +6 hand axe "Taust" {flame, rN+ Str+3}
  4230 | D:4      | Reached skill level 7 in Polearms
  4495 | D:4      | Reached XP level 7. HP: 56/56 MP: 9/9
  4729 | D:4      | Learned a level 3 spell: Vhi's Electric Charge
  4776 | D:5      | Reached skill level 1 in Spellcasting
  5331 | D:5      | Reached skill level 8 in Polearms
  5818 | D:6      | Identified the +8 ring mail "Wiupin" {Harm Will- Dex+2}
  5920 | D:6      | Reached XP level 8. HP: 62/62 MP: 14/14
  6050 | D:6      | Reached skill level 9 in Polearms
  6434 | D:6      | Noticed Sigmund
  6471 | D:6      | Killed Sigmund
  6472 | D:6      | Reached skill level 10 in Polearms
  6878 | D:7      | Reached skill level 1 in Translocations
  6879 | D:7      | Noticed Menkaure
  7077 | D:7      | Reached skill level 11 in Polearms
  7077 | D:7      | Reached XP level 9. HP: 68/68 MP: 15/15
  7107 | D:7      | Found a staircase to the Ecumenical Temple.
  7488 | D:4      | Bought a potion of brilliance for 48 gold pieces
  7488 | D:4      | Bought a scroll of identify for 24 gold pieces
  7488 | D:4      | Bought a scroll of noise for 12 gold pieces
  7488 | D:4      | Bought a scroll of teleportation for 36 gold pieces
  7702 | D:7      | Noticed Maggie
  7705 | D:7      | Maggie changed into Maggie the goblin
  7705 | D:7      | Noticed Maggie
  7847 | D:7      | Killed Maggie the goblin
  8158 | D:7      | Reached skill level 12 in Polearms
  8695 | D:8      | Found a staircase to the Lair.
  9304 | D:9      | Reached skill level 1 in Evocations
  9364 | D:9      | Reached skill level 5 in Fighting
  9364 | D:9      | Reached XP level 10. HP: 81/81 MP: 16/16
  9743 | D:9      | Reached skill level 5 in Translocations
  9817 | D:9      | Noticed a deep elf zephyrmancer
  9822 | D:9      | Killed a deep elf zephyrmancer
  9969 | D:10     | Entered Level 10 of the Dungeon
 10341 | D:10     | Reached skill level 5 in Evocations
 10920 | D:11     | Noticed a cyclops
 11092 | D:11     | Learned a level 4 spell: Iskenderun's Mystic Blast
 11131 | D:11     | Noticed Urug
 11157 | D:11     | Noticed a two-headed ogre
 11165 | D:11     | Killed Urug
 11415 | D:11     | Killed a cyclops
 11480 | D:11     | Noticed a brown ugly thing
 11573 | Lair:1   | Entered Level 1 of the Lair of Beasts
 11611 | Lair:1   | Noticed Fannar
 11630 | Lair:1   | Killed Fannar
 11631 | Lair:1   | Reached XP level 11. HP: 61/92 MP: 17/17
 11744 | Lair:1   | Found a frozen archway.
 11772 | IceCv    | Entered an ice cave
 12444 | IceCv    | HP: 4/94 [freezing wraith (18)]
 12447 | IceCv    | Mangled by a freezing wraith

Illustrated notes

Levels and vault maps discovered:
D:1:      minmay_arrival_up_and_down, layout_loops_ring
D:2:      layout_rooms
D:3:      layout_loops_cross, pf_guarded_unrand_woodcutter
D:4:      layout_loops_ring, old_standard_altar, fedhas_altar_4,
          portal_sewer_entry_d, chequers_arboretum, kennysheep_cross_bottleneck,
          nicolae_specific_store, minmay_misc_feat_encased
D:5:      layout_loops_ring, mainiacjoe_overflow_brackets, lemuel_doored_altar,
          nicolae_ru_the_path_less_chosen, grunt_ministairs_11
D:6:      layout_basic, nicolae_overflow_hidden_temple, general_overflow_altar,
          uniq_sigmund
D:7:      wander_river, layout_basic, minmay_temple_entry_antechambers,
          kennysheep_boxes, uniq_maggie, uniq_menkaure
D:8:      layout_basic, erik_lair_orcish_takeover
D:9:      layout_roguey, kennysheep_mini, kennysheep_just_a_vault
D:10:     layout_loops_ring, serial_demonic, serial_demonic_b, serial_demonic_f,
          serial_demonic_a, serial_demonic_b, evilmike_minifort
D:11:     layout_cave_pods, david_orc_1_choice, uniq_urug
Lair:1:   cheibrodos_lair_river_kwai, layout_long_grid,
          portal_ice_cave_entry_imps, uniq_fannar
IceCv:    ice_cave_small_necro

Skill      XL: |  1  2  3  4  5  6  7  8  9 10 11 |
---------------+----------------------------------+-----
Polearms       | 2 3 4 5 6 7 8 11 12 | 12.0
Spellcasting   | 2 |  2.0
Translocations | 2 4 6 7 |  7.9
Fighting       | 5 7 8 |  8.2
Evocations     | 1 5 |  5.0
Dodging        | |  1.7
Stealth        | |  4.5

Action                     |  1- 3 |  4- 6 |  7- 9 | 10-12 || total
---------------------------+-------+-------+-------+-------++-------
  Melee: Spear             |   104 |   281 |   294 |   260 ||   939
         Punch             |     3 |     1 |       |       ||     4
         Headbutt          |       |     7 |    46 |    37 ||    90
         Hand axe          |       |       |     8 |       ||     8
         Dagger            |       |       |     2 |       ||     2
   Fire: Sling             |       |       |     5 |       ||     5
  Throw: Stone             |     1 |    16 |       |       ||    17
         Dart              |       |     5 |    19 |    15 ||    39
         Boomerang         |       |     4 |    13 |    20 ||    37
   Cast: Vhi's Electric Ch |       |       |       |     3 ||     3
  Evoke: Wand              |       |       |     4 |    15 ||    19
    Use: Scroll            |     2 |     1 |    11 |     3 ||    17
         Potion            |     1 |     5 |       |     2 ||     8
   Stab: Sleeping          |     4 |     8 |     6 |     2 ||    20
         Distracted        |       |     2 |     1 |       ||     3
         Paralysed         |       |       |       |     4 ||     4
 Armour: Leather armour    |    23 |    26 |     9 |       ||    58
         Ring mail         |       |    14 |    50 |    41 ||   105
  Dodge: Dodged            |    46 |   125 |    64 |    33 ||   268
  Block: Buckler           |       |       |    16 |    12 ||    28

Table legend: (Time is in decaauts)
 A = Elapsed time spent in this place.
 B = Non-inter-level travel time spent in this place.
 C = Inter-level travel time spent in this place.
 D = Time resting spent in this place.
 E = Time spent auto-exploring this place.
 F = Levels seen in this place.
 G = Mean time per level.
                   A        B        C        D        E       F      G
               +--------+--------+--------+--------+--------+-----+--------+
         Total |  12274 |  11459 |    815 |   1769 |   5787 |  14 |  876.7 |
       Dungeon |   9905 |   9090 |    815 |    805 |   5494 |  11 |  900.5 |
          Lair |    175 |    175 |      0 |      4 |      0 |   1 |  175.0 |
         Sewer |   1536 |   1536 |      0 |    647 |    177 |   1 | 1536.0 |
      Ice Cave |    657 |    657 |      0 |    311 |    116 |   1 |  657.0 |
               +--------+--------+--------+--------+--------+-----+--------+

Top non-repeatable levels by time:
   Sewer: 1536 daAuts
     D:6: 1265 daAuts
     D:7: 1196 daAuts
    D:10: 1096 daAuts
     D:4: 1045 daAuts
     D:5: 1043 daAuts
     D:3: 1009 daAuts
     D:8: 871 daAuts
     D:9: 835 daAuts
   IceCv: 657 daAuts
     D:1: 575 daAuts
     D:2: 571 daAuts
    D:11: 395 daAuts
  Lair:1: 175 daAuts
